 Dungeon Crawl Stone Soup version 0.29-a0-559-g359e09b9d1 (webtiles) character file.

Game seed: 14275617722039261168

492 Bruhh the Chopper (level 7, -1/66 HPs)
             Began as a Hill Orc Fighter on June 10, 2022.
             Slain by an ogre
             ... wielding a +0 giant spiked club
              (13 damage)
             ... on level 4 of the Dungeon.
             The game lasted 00:02:35 (3296 turns).

Bruhh the Chopper (Hill Orc Fighter)                Turns: 3296, Time: 00:02:36

Health: -1/66      AC: 11    Str: 21    XL:     7   Next: 14%
Magic:  7/7        EV:  5    Int:  8    God:
Gold:   171        SH:  4    Dex: 10    Spells: 6/6 levels left

rFire   . . .      SeeInvis .   a - +0 war axe
rCold   . . .      Faith    .   c - +0 buckler
rNeg    . . .      Spirit   .   u - +0 plate armour
rPois   .          Reflect  .   (no helmet)
rElec   .          Harm     .   (no cloak)
rCorr   .          Rampage  .   (no gloves)
Will    .....                   (no boots)
Stlth   ..........              (no amulet)
HPRegen 0.21/turn               (no ring)
MPRegen 0.10/turn               (no ring)

@: no status effects
A: no striking features
a: no special abilities


You were on level 4 of the Dungeon.
You visited 1 branch of the dungeon, and saw 4 of its levels.

You collected 171 gold pieces.

Inventory:

Hand Weapons
 a - a +0 war axe (weapon)
Missiles
 h - 7 poisoned darts (quivered)
Armour
 b - a +0 scale mail
 c - a +0 buckler (worn)
 u - a +0 plate armour (worn)
Wands
 d - a wand of digging (6)
Scrolls
 e - a scroll of amnesia {unknown}
 f - a scroll of brand weapon {unknown}
 g - 4 scrolls of teleportation {unknown}
 i - a scroll of silence {unknown}
 j - 4 scrolls of identify {unknown}
 m - 2 scrolls of noise {unknown}
 o - 2 scrolls of immolation {unknown}
 p - a scroll of poison {unknown}
 q - a scroll of magic mapping {unknown}
 r - a scroll of enchant weapon {unknown}
 t - a scroll of vulnerability {unknown}
Potions
 k - a potion of flight {unknown}
 n - a potion of degeneration {unknown}
 s - a potion of brilliance {unknown}


   Skills:
 + Level 7.1 Fighting
 + Level 7.2 Axes
 - Level 3.2 Armour
 - Level 3.2 Shields


You had 6 spell levels left.
You didn't know any spells.
Your spell library was empty.

Dungeon Overview and Level Annotations

Branches:
Dungeon (4/15)
 Temple: D:4-7

Altars:
Dithmenos

Portals:
Abyss: D:3

Annotations:
D:3 2 transporters, Locuples's ghost, amateur DsBr
D:4 2 transporters, Nedwor's ghost, novice MiGl


Message History

a +0 dagger; a goblin corpse
Found a transporter.
Nedwor's ghost turns its malevolent gaze towards you.
Found a transporter.
An ogre comes into view. It is wielding a +0 giant spiked club.
An ogre is nearby!
You barely miss the ogre. You block the ogre's attack.
You hit the ogre but do no damage.
The ogre hits you with a +0 giant spiked club!!
You hit the ogre.
The ogre is lightly wounded.
The ogre barely misses you.
You hit the ogre but do no damage.
The ogre is lightly wounded.
You completely miss the ogre.
The ogre is lightly wounded.
The ogre hits you but does no damage.
You completely miss the ogre.
The ogre is lightly wounded.
You block the ogre's attack.
You barely miss the ogre.
The ogre is lightly wounded.
The ogre hits you with a +0 giant spiked club!
You are too injured to fight recklessly!
You are too injured to fight recklessly!
You are too injured to fight recklessly!
The ogre hits you with a +0 giant spiked club!
You closely miss the ogre.
The ogre is lightly wounded.
You block the ogre's attack.
You hit the ogre.
The ogre is moderately wounded.
You completely miss the ogre.
The ogre is moderately wounded.
The ogre hits you with a +0 giant spiked club!
* * * LOW HITPOINT WARNING * * *
You slash the ogre!
The ogre is heavily wounded.
The ogre hits you with a +0 giant spiked club!
You die...

...) ....#.........#
.... ....#...#.....#
###.# #..#...#.....###
# #8#..#..##.......#
.........#..##.......#
...©....Z#©..##!.....#
........Z#...........#
#8#. 8#.W#..####.#...#
### ###..#..#...@O...#
... .....#....##.#...#
.. ....©#..####.#...#
##########..# #.# ###
............# #..
............# ##.
..#.#.####### .#
#.....# .# ....###


You could see an ogre.

Vanquished Creatures
  Grinder (D:3)
  A hound (D:3)
  A gnoll shaman (D:4)
  3 iguanas
  Robin (D:3)
  3 gnolls (D:4)
  An adder (D:3)
  2 worms (D:3)
  3 dart slugs
  3 orcs
  5 endoplasms
  5 giant cockroaches
  16 goblins
  9 hobgoblins
  10 kobolds
  5 quokkas
  5 ball pythons (D:1)
  2 bats
  6 frilled lizards
  19 rats (D:3)
101 creatures vanquished.

Notes
Turn   | Place    | Note
-------+----------+-------------------------------------------
     0 | D:1      | Bruhh the Hill Orc Fighter began the quest for the Orb.
     0 | D:1      | Reached XP level 1. HP: 19/19 MP: 1/1
    77 | D:1      | Reached XP level 2. HP: 23/27 MP: 2/2
   485 | D:1      | Found a faded altar of an unknown god.
   603 | D:1      | Reached XP level 3. HP: 26/34 MP: 3/3
  1512 | D:3      | Reached XP level 4. HP: 37/41 MP: 4/4
  1661 | D:3      | Reached skill level 5 in Fighting
  1681 | D:3      | Noticed Grinder
  1690 | D:3      | Found a shadowy altar of Dithmenos.
  1698 | D:3      | Killed Grinder
  1699 | D:3      | Reached XP level 5. HP: 12/50 MP: 5/5
  1699 | D:3      | Reached XP level 6. HP: 14/57 MP: 6/6
  2011 | D:3      | Noticed Locuples's ghost (amateur DsBr)
  2021 | D:3      | Noticed Robin
  2022 | D:3      | Found a one-way gate to the infinite horrors of the Abyss.
  2036 | D:3      | Killed Robin
  2037 | D:3      | Found a transporter.
  2251 | D:3      | Found a transporter.
  3037 | D:4      | Reached XP level 7. HP: 64/66 MP: 7/7
  3272 | D:4      | Found a transporter.
  3275 | D:4      | Noticed Nedwor's ghost (novice MiGl)
  3276 | D:4      | Found a transporter.
  3296 | D:4      | Slain by an ogre

Illustrated notes

Levels and vault maps discovered:
D:1:      lightli_molten_gateway, layout_rooms, nicolae_ecumenical_lake_church
D:2:      layout_basic
D:3:      layout_basic, mainiacjoe_overflow_tiny_flanked,
          gammafunk_ghost_abyssal_escape, minmay_rat_hole, uniq_robin,
          uniq_grinder
D:4:      layout_rooms, mainiacjoe_overflow_brackets,
          kennysheep_okawaru_gauntlet, mainiacjoe_overflow_boulevard,
          gammafunk_ghost_mausoleum, grunt_ministairs_12,
          uniq_crazy_yiuf_cottage

Skill      XL: |  1  2  3  4  5  6 |
---------------+-------------------+-----
Axes           | 3 4 6 7 |  7.2
Fighting       | 4 6 7 |  7.1
Armour         | |  3.2
Shields        | |  3.2

Action                   |  1- 3 |  4- 6 |  7- 9 || total
-------------------------+-------+-------+-------++-------
Melee: War axe           |   103 |    88 |    35 ||   226
  Use: Potion            |       |     3 |       ||     3
Armor: Scale mail        |    55 |    20 |       ||    75
       Plate armour      |       |    19 |    15 ||    34
Dodge: Dodged            |    44 |    39 |     4 ||    87
Block: Buckler           |    34 |    23 |     6 ||    63

Table legend: (Time is in decaauts)
 A = Elapsed time spent in this place.
 B = Non-inter-level travel time spent in this place.
 C = Inter-level travel time spent in this place.
 D = Time resting spent in this place.
 E = Time spent auto-exploring this place.
 F = Levels seen in this place.
 G = Mean time per level.
                   A        B        C        D        E       F      G
               +--------+--------+--------+--------+--------+-----+--------+
         Total |   3364 |   3352 |     12 |    417 |   2387 |   4 |  841.0 |
       Dungeon |   3364 |   3352 |     12 |    417 |   2387 |   4 |  841.0 |
               +--------+--------+--------+--------+--------+-----+--------+

Top non-repeatable levels by time:
     D:3: 1569 daAuts
     D:1: 894 daAuts
     D:2: 567 daAuts
     D:4: 332 daAuts
